TOP OF THE 1ST |
Ft. Worth Cattlemen batting - Pitching for Rocky Mountain Nuggets : RHP Ismael Barrios
|
Pitching: RHP Ismael Barrios
|
|
Batting: LHB Chris Etheridge
|
0-0: Swinging Strike 0-1: Fly out, F8 (Flyball, 8RS)
|
Batting: LHB Nobuo Yamashita
|
0-0: Ball 1-0: Ball 2-0: Called Strike 2-1: Ball 3-1: Called Strike 3-2: Foul Ball, location: 2F 3-2: Foul Ball, location: 2F 3-2: Foul Ball, location: 2F 3-2: Fly out, F6 (Popup, 6D)
|
Batting: RHB Bart Lewis
|
0-0: Ball 1-0: Foul Ball, location: 2F 1-1: Foul Ball, location: 2F 1-2: Ball 2-2: SOLO HOME RUN (Flyball, 8LXD), Distance : 441 ft
|
Batting: LHB Jesús Morales
|
0-0: Fly out, F9 (Flyball, 9S)
|
Top of the 1st over - 1 run(s), 1 hit(s), 0 error(s), 0 left on base; Ft. Worth 1 - Rocky Mountain 0 |
BOTTOM OF THE 1ST |
Rocky Mountain Nuggets batting - Pitching for Ft. Worth Cattlemen : RHP Juan Díaz
|
Pitching: RHP Juan Díaz
|
|
Batting: RHB Luis Ríos
|
0-0: Ball 1-0: Called Strike 1-1: Ball 2-1: Ball 3-1: Foul Ball, location: 2F 3-2: SINGLE (Line Drive, 3)
|
Batting: LHB Randy Bowen
|
0-0: Called Strike 0-1: Ball 1-1: Swinging Strike 1-2: Strikes out swinging
|
Batting: LHB Roberto Salazar
|
0-0: Called Strike 0-1: Foul Ball, location: 2F 0-2: Ball 1-2: Ball 2-2: Fielders Choice at 2nd, 5-4 (Groundball, 56)
|
Batting: RHB Iván Vega
|
0-0: Ball 1-0: Ball 2-0: Ball 3-0: Base on Balls Roberto Salazar to second
|
Batting: LHB Chia-ch'ing Dodman
|
0-0: Called Strike 0-1: Swinging Strike 0-2: DOUBLE (Line Drive, 9LS) Roberto Salazar scores Iván Vega to third Runner from 3rd tries for Home, SAFE, no throw
|
Batting: RHB José Carlos Pérez
|
0-0: Ball 1-0: Ground out 5-3 (Groundball, 5)
|
Bottom of the 1st over - 2 run(s), 2 hit(s), 0 error(s), 1 left on base; Ft. Worth 1 - Rocky Mountain 2 |
TOP OF THE 2ND |
Ft. Worth Cattlemen batting - Pitching for Rocky Mountain Nuggets : RHP Ismael Barrios
|
Batting: LHB Rick Mayfield
|
0-0: Swinging Strike 0-1: Ball 1-1: Foul Ball, location: 2F 1-2: Strikes out swinging
|
Batting: RHB Lloyd Alberink
|
0-0: Fly out, F8 (Flyball, 8LS)
|
Batting: LHB Orlando Trevino
|
0-0: Foul Ball, location: 2F 0-1: Swinging Strike 0-2: Foul Ball, location: 2F 0-2: Ball 1-2: Ball 2-2: Fly out, F8 (Flyball, 8LM)
|
Top of the 2nd over - 0 run(s), 0 hit(s), 0 error(s), 0 left on base; Ft. Worth 1 - Rocky Mountain 2 |
BOTTOM OF THE 2ND |
Rocky Mountain Nuggets batting - Pitching for Ft. Worth Cattlemen : RHP Juan Díaz
|
Batting: RHB David McJannett
|
0-0: Ball 1-0: Ball 2-0: Foul Ball, location: 2F 2-1: Foul Ball, location: 2F 2-2: Ball 3-2: Ground out 6-3 (Groundball, 6)
|
Batting: RHB Marvin Hunter
|
0-0: Called Strike 0-1: Ground out 5-3 (Groundball, 56S)
|
Batting: RHB Ron Ward
|
0-0: Foul Ball, location: 2F 0-1: Foul Ball, location: 2F 0-2: SINGLE (Groundball, 56D)
|
Batting: RHB Luis Ríos
|
0-0: Swinging Strike 0-1: Ball 1-1: Ball 2-1: Ball 3-1: SINGLE (Flyball, 8RS) Ron Ward to second
|
Batting: LHB Randy Bowen
|
0-0: Called Strike 0-1: Foul Ball, location: 2F 0-2: Ball 1-2: Ball 2-2: SINGLE (Line Drive, 78S) Ron Ward to third Luis Ríos to second
|
Batting: LHB Roberto Salazar
|
0-0: SINGLE (Line Drive, 78S) Ron Ward scores Luis Ríos to third Randy Bowen to second Runner from 3rd tries for Home, SAFE, no throw
|
Batting: RHB Iván Vega
|
0-0: Ball 1-0: Foul Ball, location: 2F 1-1: Swinging Strike 1-2: Ball 2-2: Fielders Choice at 2nd, 6-4 (Groundball, 6)
|
Bottom of the 2nd over - 2 run(s), 4 hit(s), 0 error(s), 1 left on base; Ft. Worth 1 - Rocky Mountain 4 |
TOP OF THE 3RD |
Ft. Worth Cattlemen batting - Pitching for Rocky Mountain Nuggets : RHP Ismael Barrios
|
Batting: RHB Gilberto Juárez
|
0-0: Called Strike 0-1: Called Strike 0-2: Ball 1-2: SINGLE (Line Drive, 78S)
|
Batting: SHB Robby Day
|
0-0: Ball 1-0: Ball 2-0: Foul Ball, location: 2F 2-1: Ball 3-1: Foul Ball, location: 2F 3-2: DOUBLE (Line Drive, 9LM) Gilberto Juárez to third Runner from 3rd tries for Home, SAFE, no throw
|
Batting: LHB Chris Etheridge
|
0-0: SINGLE (Line Drive, 3) Robby Day to third
|
Batting: LHB Nobuo Yamashita
|
0-0: Called Strike Chris Etheridge steals 2nd base 0-1: SINGLE (Groundball, 6D) Robby Day scores Chris Etheridge to third Runner from 3rd tries for Home, SAFE, no throw
|
Batting: RHB Bart Lewis
|
0-0: Ball 1-0: Fly out, F9 (Line Drive, 9)
|
Batting: LHB Jesús Morales
|
0-0: Called Strike Nobuo Yamashita steals 2nd base 0-1: Ball 1-1: Ball 2-1: Called Strike 2-2: Foul Ball, location: 2F 2-2: Ground out 4-3 (Groundball, 4S) Nobuo Yamashita to third
|
Batting: LHB Rick Mayfield
|
0-0: Ball 1-0: Foul Ball, location: 2F 1-1: Ground out 6-3 (Groundball, 6)
|
Top of the 3rd over - 3 run(s), 4 hit(s), 0 error(s), 1 left on base; Ft. Worth 4 - Rocky Mountain 4 |
BOTTOM OF THE 3RD |
Rocky Mountain Nuggets batting - Pitching for Ft. Worth Cattlemen : RHP Juan Díaz
|
Batting: LHB Chia-ch'ing Dodman
|
0-0: Fly out, F8 (Flyball, 8LS)
|
Batting: RHB José Carlos Pérez
|
0-0: Swinging Strike 0-1: SINGLE (Popup, 4D)
|
Batting: RHB David McJannett
|
0-0: Called Strike 0-1: Ball 1-1: Ball 2-1: Fly out, F7 (Flyball, 7)
|
Batting: RHB Marvin Hunter
|
0-0: Swinging Strike 0-1: DOUBLE (Flyball, 8LXD) José Carlos Pérez to third Runner from 3rd tries for Home, SAFE, no throw
|
Batting: RHB Ron Ward
|
0-0: Swinging Strike 0-1: Fly out, F7 (Flyball, 7D)
|
Bottom of the 3rd over - 1 run(s), 2 hit(s), 0 error(s), 1 left on base; Ft. Worth 4 - Rocky Mountain 5 |
TOP OF THE 4TH |
Ft. Worth Cattlemen batting - Pitching for Rocky Mountain Nuggets : RHP Ismael Barrios
|
Batting: RHB Lloyd Alberink
|
0-0: Ground out 5-3 (Groundball, 56)
|
Batting: LHB Orlando Trevino
|
0-0: Called Strike 0-1: Ball 1-1: Ball 2-1: Ball 3-1: Base on Balls
|
Batting: RHB Gilberto Juárez
|
0-0: Called Strike 0-1: Ball 1-1: Ball 2-1: Ball 3-1: Foul Ball, location: 2F 3-2: Base on Balls Orlando Trevino to second
|
Batting: SHB Robby Day
|
0-0: Ball 1-0: Ball 2-0: Called Strike 2-1: SINGLE (Line Drive, 89S) Orlando Trevino to third Gilberto Juárez to second Runner from 3rd tries for Home, SAFE, throw made home
|
Batting: LHB Chris Etheridge
|
0-0: Swinging Strike 0-1: Swinging Strike 0-2: Ball 1-2: Foul Ball, location: 2F 1-2: Strikes out swinging
|
Batting: LHB Nobuo Yamashita
|
0-0: Called Strike 0-1: Fielders Choice at 2nd, 4-6 (Groundball, 4)
|
Top of the 4th over - 1 run(s), 1 hit(s), 0 error(s), 1 left on base; Ft. Worth 5 - Rocky Mountain 5 |
BOTTOM OF THE 4TH |
Rocky Mountain Nuggets batting - Pitching for Ft. Worth Cattlemen : RHP Juan Díaz
|
Batting: RHB Luis Ríos
|
0-0: Ball 1-0: Ground out U3 (Groundball, 3)
|
Batting: LHB Randy Bowen
|
0-0: Foul Ball, location: 2F 0-1: Ball 1-1: Ball 2-1: Ground out 5-3 (Groundball, 56)
|
Batting: LHB Roberto Salazar
|
0-0: Ball 1-0: Ball 2-0: Ball 3-0: Base on Balls
|
Batting: RHB Iván Vega
|
0-0: Called Strike 0-1: Called Strike 0-2: Ball Wild Pitch! Roberto Salazar to second 1-2: Foul Ball, location: 2F 1-2: Foul Ball, location: 2F 1-2: Foul Ball, location: 2F 1-2: SINGLE (Groundball, 34D) Roberto Salazar to third Runner from 3rd tries for Home, SAFE, no throw
|
Pitching: RHP Enrique Cortéz
|
|
Batting: LHB Chia-ch'ing Dodman
|
0-0: Ball 1-0: Ball 2-0: Called Strike 2-1: Foul Ball, location: 2F 2-2: Foul Ball, location: 2F 2-2: Foul Ball, location: 2F 2-2: Strikes out swinging
|
Bottom of the 4th over - 1 run(s), 1 hit(s), 0 error(s), 1 left on base; Ft. Worth 5 - Rocky Mountain 6 |
TOP OF THE 5TH |
Ft. Worth Cattlemen batting - Pitching for Rocky Mountain Nuggets : RHP Ismael Barrios
|
Batting: RHB Bart Lewis
|
0-0: Ground out 4-3 (Groundball, 4M)
|
Batting: LHB Jesús Morales
|
0-0: SINGLE (Line Drive, 8RS)
|
Batting: LHB Rick Mayfield
|
0-0: Ball 1-0: Fly out, F4 (Line Drive, 4)
|
Batting: RHB Lloyd Alberink
|
0-0: Ball Jesús Morales is caught stealing 2nd base
|
Top of the 5th over - 0 run(s), 1 hit(s), 0 error(s), 0 left on base; Ft. Worth 5 - Rocky Mountain 6 |
BOTTOM OF THE 5TH |
Rocky Mountain Nuggets batting - Pitching for Ft. Worth Cattlemen : RHP Enrique Cortéz
|
Batting: RHB José Carlos Pérez
|
0-0: Swinging Strike 0-1: Ground out 6-3 (Groundball, 6)
|
Batting: RHB David McJannett
|
0-0: Called Strike 0-1: SINGLE (Groundball, 6MD)
|
Batting: RHB Marvin Hunter
|
0-0: Called Strike 0-1: Swinging Strike 0-2: Strikes out looking
|
Batting: RHB Ron Ward
|
0-0: Ball 1-0: Called Strike 1-1: Ball 2-1: Ball 3-1: Foul Ball, location: 2F 3-2: Base on Balls David McJannett to second
|
Batting: RHB Luis Ríos
|
0-0: Foul Ball, location: 2F 0-1: SINGLE (Line Drive, 9LS) David McJannett to third Ron Ward to second Throwing error, E9 David McJannett scores Ron Ward to third Luis Ríos to second
|
Batting: LHB Randy Bowen
|
0-0: Ball 1-0: Foul Ball, location: 2F 1-1: Ball 2-1: Fly out, F9 (Flyball, 89M)
|
Bottom of the 5th over - 1 run(s), 2 hit(s), 1 error(s), 2 left on base; Ft. Worth 5 - Rocky Mountain 7 |
TOP OF THE 6TH |
Ft. Worth Cattlemen batting - Pitching for Rocky Mountain Nuggets : RHP Ismael Barrios
|
Now at 1B: Manuel Becerra
|
|
Batting: RHB Lloyd Alberink
|
0-0: Foul Ball, location: 2F 0-1: Ball 1-1: DOUBLE (Flyball, 89D)
|
Batting: LHB Orlando Trevino
|
0-0: Ball Wild Pitch! Lloyd Alberink to third 1-0: Called Strike 1-1: Ball 2-1: Ball 3-1: Swinging Strike 3-2: Base on Balls
|
Batting: RHB Gilberto Juárez
|
0-0: Ball 1-0: Called Strike 1-1: Ball 2-1: Foul Ball, location: 2F 2-2: SINGLE (Groundball, 4) (infield hit) Lloyd Alberink scores Orlando Trevino to second
|
Pitching: RHP Elton Mobley
|
|
Batting: SHB Robby Day
|
0-0: Ball 1-0: Called Strike 1-1: Called Strike 1-2: Strikes out swinging
|
Batting: LHB Chris Etheridge
|
0-0: Ball 1-0: Swinging Strike 1-1: Fly out, F3 (Line Drive, 3)
|
Batting: LHB Nobuo Yamashita
|
0-0: Ball 1-0: Called Strike 1-1: Ground out U3 (Groundball, 34)
|
Top of the 6th over - 1 run(s), 2 hit(s), 0 error(s), 2 left on base; Ft. Worth 6 - Rocky Mountain 7 |
BOTTOM OF THE 6TH |
Rocky Mountain Nuggets batting - Pitching for Ft. Worth Cattlemen : RHP Enrique Cortéz
|
Batting: LHB Roberto Salazar
|
0-0: Ball 1-0: SINGLE (Groundball, 34D)
|
Batting: RHB Iván Vega
|
0-0: Ball 1-0: Ball 2-0: Foul Ball, location: 2F 2-1: Swinging Strike 2-2: Ball 3-2: Foul Ball, location: 2F 3-2: Fly out, F8 (Flyball, 8RS)
|
Batting: LHB Chia-ch'ing Dodman
|
0-0: Ball 1-0: Called Strike 1-1: Ball 2-1: Fly out, F8 (Flyball, 78S)
|
Batting: RHB José Carlos Pérez
|
0-0: Ball 1-0: Ball 2-0: Fly out, F8 (Flyball, 8RS)
|
Bottom of the 6th over - 0 run(s), 1 hit(s), 0 error(s), 1 left on base; Ft. Worth 6 - Rocky Mountain 7 |
TOP OF THE 7TH |
Ft. Worth Cattlemen batting - Pitching for Rocky Mountain Nuggets : RHP Elton Mobley
|
Batting: RHB Bart Lewis
|
0-0: Called Strike 0-1: Called Strike 0-2: Strikes out swinging
|
Batting: LHB Jesús Morales
|
0-0: SOLO HOME RUN (Flyball, 8RXD), Distance : 439 ft
|
Batting: LHB Rick Mayfield
|
0-0: Called Strike 0-1: Ball 1-1: Foul Ball, location: 2F 1-2: SINGLE (Line Drive, 4M)
|
Pinch Hitting: RHB Tim Burney
|
0-0: Ball 1-0: Ball 2-0: Ball 3-0: Called Strike 3-1: SINGLE (Line Drive, 6MD) Rick Mayfield to second
|
Batting: LHB Orlando Trevino
|
0-0: Called Strike Rick Mayfield steals 3rd base Tim Burney to second 0-1: Called Strike 0-2: SINGLE (Groundball, 34D) Rick Mayfield scores Tim Burney to third
|
Batting: RHB Gilberto Juárez
|
0-0: Ball 1-0: Ball 2-0: Called Strike 2-1: Called Strike 2-2: Foul Ball, location: 2F 2-2: Strikes out swinging
|
Batting: SHB Robby Day
|
0-0: Ball 1-0: Ball 2-0: Ball 3-0: Foul Ball, location: 2F 3-1: Called Strike 3-2: Foul Ball, location: 2F 3-2: Foul Ball, location: 2F 3-2: Base on Balls Orlando Trevino to second
|
Batting: LHB Chris Etheridge
|
0-0: Ball 1-0: SINGLE (Groundball, 4MD) Tim Burney scores Orlando Trevino to third Robby Day to second Runner from 3rd tries for Home, SAFE, no throw
|
Pitching: RHP Hunter Wilson
|
|
Batting: LHB Nobuo Yamashita
|
0-0: SINGLE (Groundball, 6MS) (infield hit) Robby Day to third Chris Etheridge to second
|
Batting: RHB Bart Lewis
|
0-0: Foul Ball, location: 2F 0-1: Ball 1-1: Ball 2-1: Foul Ball, location: 2F 2-2: Strikes out swinging
|
Top of the 7th over - 4 run(s), 6 hit(s), 0 error(s), 3 left on base; Ft. Worth 10 - Rocky Mountain 7 |
BOTTOM OF THE 7TH |
Rocky Mountain Nuggets batting - Pitching for Ft. Worth Cattlemen : RHP Enrique Cortéz
|
Now at 3B: John Allen
|
|
Batting: RHB David McJannett
|
0-0: Ball 1-0: Ball 2-0: Foul Ball, location: 2F 2-1: Foul Ball, location: 2F 2-2: Ground out 5-3 (Groundball, 5)
|
Batting: RHB Marvin Hunter
|
0-0: Swinging Strike 0-1: Foul Ball, location: 2F 0-2: Ball 1-2: Foul Ball, location: 2F 1-2: Strikes out swinging
|
Batting: RHB Manuel Becerra
|
0-0: Ball 1-0: Ball 2-0: Foul Ball, location: 2F 2-1: Foul Ball, location: 2F 2-2: Foul Ball, location: 2F 2-2: Foul Ball, location: 2F 2-2: Strikes out looking
|
Bottom of the 7th over - 0 run(s), 0 hit(s), 0 error(s), 0 left on base; Ft. Worth 10 - Rocky Mountain 7 |
TOP OF THE 8TH |
Ft. Worth Cattlemen batting - Pitching for Rocky Mountain Nuggets : RHP Hunter Wilson
|
Batting: LHB Jesús Morales
|
0-0: Foul Ball, location: 2F 0-1: Called Strike 0-2: Ball 1-2: Ball 2-2: Strikes out swinging
|
Batting: LHB Rick Mayfield
|
0-0: Fly out, F8 (Flyball, 8RD)
|
Batting: SHB John Allen
|
0-0: Called Strike 0-1: Called Strike 0-2: Ball 1-2: Ball 2-2: Strikes out looking
|
Top of the 8th over - 0 run(s), 0 hit(s), 0 error(s), 0 left on base; Ft. Worth 10 - Rocky Mountain 7 |
BOTTOM OF THE 8TH |
Rocky Mountain Nuggets batting - Pitching for Ft. Worth Cattlemen : RHP Enrique Cortéz
|
Pitching: LHP Jason Horne
|
|
Batting: RHB Luis Ríos
|
0-0: Ball 1-0: Ball 2-0: Fly out, F8 (Line Drive, 8LM)
|
Batting: LHB Randy Bowen
|
0-0: Ball 1-0: SINGLE (Line Drive, 34)
|
Batting: LHB Roberto Salazar
|
0-0: Called Strike 0-1: Called Strike 0-2: SINGLE (Groundball, 56) (infield hit) Randy Bowen to second
|
Pitching: RHP Darren Garland
|
|
Batting: RHB Iván Vega
|
0-0: Ball 1-0: Ball 2-0: Called Strike 2-1: Ball 3-1: Foul Ball, location: 2F 3-2: SINGLE (Groundball, 56D) Randy Bowen to third Roberto Salazar to second Runner from 3rd tries for Home, SAFE, throw made home Roberto Salazar to third Iván Vega to second
|
Pitching: LHP Bartolomeu Lio
|
|
Batting: LHB Chia-ch'ing Dodman
|
0-0: Foul Ball, location: 2F 0-1: Ball 1-1: Swinging Strike 1-2: Strikes out swinging
|
Pitching: RHP Roberto Cavazos
|
|
Batting: RHB José Carlos Pérez
|
0-0: Foul Ball, location: 2F 0-1: Swinging Strike 0-2: Foul Ball, location: 2F 0-2: Ball 1-2: Strikes out swinging
|
Bottom of the 8th over - 1 run(s), 3 hit(s), 0 error(s), 2 left on base; Ft. Worth 10 - Rocky Mountain 8 |
TOP OF THE 9TH |
Ft. Worth Cattlemen batting - Pitching for Rocky Mountain Nuggets : RHP Hunter Wilson
|
Pitching: RHP Jorge Garza
|
|
Batting: LHB Orlando Trevino
|
0-0: Foul Ball, location: 2F 0-1: Foul Ball, location: 2F 0-2: SINGLE (Flyball, 78S)
|
Batting: RHB Gilberto Juárez
|
0-0: Bunted foul 0-1: Bunted foul 0-2: SINGLE (Groundball, 56D) Orlando Trevino to second
|
Batting: SHB Robby Day
|
0-0: Called Strike 0-1: Called Strike 0-2: Ball 1-2: Ball 2-2: Ball 3-2: Foul Ball, location: 2F 3-2: Strikes out swinging
|
Batting: LHB Chris Etheridge
|
0-0: Foul Ball, location: 2F 0-1: Swinging Strike 0-2: Ball 1-2: Strikes out swinging
|
Batting: LHB Nobuo Yamashita
|
0-0: Ball 1-0: Ball 2-0: Foul Ball, location: 2F 2-1: Ball 3-1: Foul Ball, location: 2F 3-2: Base on Balls Orlando Trevino to third Gilberto Juárez to second
|
Batting: RHB Bart Lewis
|
0-0: Ball 1-0: Called Strike 1-1: Foul Ball, location: 2F 1-2: Strikes out swinging
|
Top of the 9th over - 0 run(s), 2 hit(s), 0 error(s), 3 left on base; Ft. Worth 10 - Rocky Mountain 8 |
BOTTOM OF THE 9TH |
Rocky Mountain Nuggets batting - Pitching for Ft. Worth Cattlemen : RHP Roberto Cavazos
|
Pitching: LHP Asher Spivey
|
|
Batting: RHB David McJannett
|
0-0: Foul Ball, location: 2F 0-1: Foul Ball, location: 2F 0-2: Ball 1-2: Strikes out swinging
|
Batting: RHB Marvin Hunter
|
0-0: Called Strike 0-1: Ground out 6-3 (Groundball, 6)
|
Batting: RHB Manuel Becerra
|
0-0: Ball 1-0: Foul Ball, location: 2F 1-1: Ball 2-1: Foul Ball, location: 2F 2-2: Strikes out swinging
|
Bottom of the 9th over - 0 run(s), 0 hit(s), 0 error(s), 0 left on base; Ft. Worth 10 - Rocky Mountain 8 |
|